 Dungeon Crawl Stone Soup version 0.28.0-56-g4927b6849a (webtiles) character file.

Game seed: 2826228653337092385

2201 cbfl8 the Cleaver (level 9, -3/78 HPs)
             Began as a Minotaur Berserker on Jan 26, 2023.
             Was a Priest of Trog.
             Slain by an iguana (11 damage)
             ... on level 6 of the Dungeon.
             The game lasted 00:04:01 (6092 turns).

cbfl8 the Cleaver (Minotaur Berserker)              Turns: 6092, Time: 00:04:01

Health: -3/78      AC:  6    Str: 21    XL:     9   Next: 12%
Magic:  8/8        EV: 10    Int:  4    God:    Trog [***...]
Gold:   150        SH:  0    Dex: 15    Spells: 8/8 levels left

rFire   + . .      SeeInvis .   C - +0 war axe
rCold   x . .      Faith    .   (no shield)
rNeg    . . .      Spirit   .   s - +0 chain mail
rPois   +          Reflect  .   (helmet restricted)
rElec   .          Harm     .   (no cloak)
rCorr   .          Rampage  .   o - +1 pair of gloves
Will    .....                   z - +0 pair of boots
Stlth   ..........              (no amulet)
HPRegen 0.23/turn               k - ring of poison resistance
MPRegen 0.11/turn               v - ring of fire

@: corroded, on berserk cooldown, slowed, very slow
A: horns 2, retaliatory headbutt
a: Renounce Religion, Berserk, Trog's Hand


You were on level 6 of the Dungeon.
You worshipped Trog.
Trog was most pleased with you.
You visited 1 branch of the dungeon, and saw 6 of its levels.

You collected 150 gold pieces.

Inventory:

Hand Weapons
 C - a +0 war axe (weapon)
Armour
 o - a +1 pair of gloves (worn)
 s - a +0 chain mail (worn)
 z - a +0 pair of boots (worn)
Jewellery
 a - a ring of resist corrosion
 k - a ring of poison resistance (left hand)
 v - a ring of fire (right hand)
Scrolls
 b - a scroll of fear {unknown}
 c - a scroll of immolation {unknown}
 f - 2 scrolls of amnesia {unknown}
 h - a scroll of silence {unknown}
 m - a scroll of blinking {unknown}
 n - 2 scrolls of enchant weapon {unknown}
 p - a scroll of summoning {unknown}
 q - 5 scrolls of identify {unknown}
 r - a scroll of torment {unknown}
 t - 2 scrolls of noise {unknown}
 w - a scroll of vulnerability {unknown}
 y - a scroll of teleportation {unknown}
 A - 2 scrolls of magic mapping {unknown}
Potions
 d - a potion of might {unknown}
 e - 2 potions of brilliance {unknown}
 g - a potion of invisibility {unknown}
 i - a potion of haste {unknown}
 j - a potion of heal wounds {unknown}
 l - 2 potions of curing {unknown}
 u - a potion of lignification {unknown}
 x - a potion of ambrosia {unknown}
 B - a potion of flight {unknown}


   Skills:
 * Level 6.9 Fighting
 * Level 10.2 Axes
 + Level 6.8 Armour
 * Level 4.8 Dodging
 + Level 1.5 Stealth
 * Level 2.5 Evocations


You had 8 spell levels left.
You didn't know any spells.
Your spell library was empty.

Dungeon Overview and Level Annotations

Branches:
Dungeon (6/15)
 Temple: D:4-7

Altars:
Fedhas
Qazlal
Xom


Innate Abilities, Weirdness & Mutations

You have a pair of horns on your head.
You reflexively headbutt those who attack you in melee.


Message History

You slash the gnoll! You slice the gnoll sergeant!!
Your headbutt misses the gnoll sergeant.
The gnoll sergeant is severely wounded.
You closely miss the gnoll.
The gnoll sergeant hits you with a +1 spear of flaming.
The gnoll hits you with a +0 flail!
* * * LOW HITPOINT WARNING * * *
You barely miss the gnoll sergeant.
The gnoll sergeant is severely wounded.
You hit the jelly.
Your hands burn!
* * * LOW HITPOINT WARNING * * *
You closely miss the gnoll.
The gnoll sergeant hits you with a +1 spear of flaming.
* * * LOW HITPOINT WARNING * * *
The gnoll barely misses you. You furiously retaliate!
You headbutt the gnoll. You barely miss the gnoll sergeant.
Your headbutt misses the gnoll sergeant.
The gnoll sergeant is severely wounded.
You slash the gnoll!
You kill the gnoll!
Trog accepts your kill.
You slash the jelly! The acid corrodes you!
Your hands burn!
* * * LOW HITPOINT WARNING * * *
You are no longer berserk.
You are exhausted.
You feel yourself slow down. The jelly hits you but does no damage.
The gnoll hits you but does no damage.
You hit the gnoll sergeant but do no damage.
You headbutt the gnoll sergeant, but do no damage.
The gnoll sergeant is severely wounded.
You barely miss the jelly. The jelly hits you but does no damage.
The gnoll hits you but does no damage. The gnoll sergeant barely misses you.
Unknown command.
The jelly hits you.
* * * LOW HITPOINT WARNING * * *
The acid corrodes you!
You are splashed with acid!
* * * LOW HITPOINT WARNING * * *
The iguana bites you!
You die...

## ########..
..###..#.#....
..#...#..##.##
###..#...#####.# .
#..#.#...##....## ..##
#...##..#.#..#.## .....
##....####.###....
.#....#).).#....#.###...
.....gg@.)..).....###..#
......lJg.####..........
.##.....### ##.........
####..# #......... #.##
#......... #. #.##......
.. #.##.....< <.. ..
#...... ... ......#


You could see a gnoll sergeant, an iguana, a jelly and 2 gnolls.

Vanquished Creatures
  The ghost of macfelon the Conjurer, a novice DECj of Xom (D:4)
  A troll (D:5)
  A water moccasin (D:5)
  2 ice beasts
  A black bear (D:6)
  3 ogres
  A necrophage (D:5)
  A centaur (D:6)
  Blork the orc (D:5)
  A water moccasin zombie (D:6)
  A wyvern skeleton (D:6)
  5 wights
  2 bullfrog zombies
  A centaur zombie (D:5)
  A centaur skeleton (D:6)
  A jelly (D:6)
  2 orc priests
  2 hounds
  A gnoll shaman (D:6)
  An iguana (D:5)
  An orc wizard (D:5)
  8 gnolls (D:6)
  5 adders
  A howler monkey skeleton (D:5)
  An ufetubus (D:6)
  An adder skeleton (D:4)
  A worm (D:2)
  2 dart slugs
  8 orcs
  3 bats
  3 endoplasms
  4 giant cockroaches
  9 goblins
  8 hobgoblins
  4 jackals (D:1)
  3 quokkas
  6 ball pythons
  5 frilled lizards
  4 kobolds
  6 rats
113 creatures vanquished.

Vanquished Creatures (others)
  2 plants (D:3)
2 creatures vanquished.

Grand Total: 115 creatures vanquished

Notes
Turn   | Place    | Note
-------+----------+-------------------------------------------
     0 | D:1      | cbfl8 the Minotaur Berserker began the quest for the Orb.
     0 | D:1      | Reached XP level 1. HP: 19/19 MP: 0/0
   320 | D:1      | Reached XP level 2. HP: 24/27 MP: 1/1
   326 | D:1      | Reached skill level 4 in Axes
   327 | D:1      | Found a faded altar of an unknown god.
  1216 | D:2      | Reached XP level 3. HP: 33/33 MP: 2/2
  1322 | D:2      | Reached ** piety under Trog
  2033 | D:3      | Reached XP level 4. HP: 18/41 MP: 3/3
  2505 | D:3      | Found a blossoming altar of Fedhas.
  2553 | D:3      | Found a stormy altar of Qazlal.
  2855 | D:3      | Reached skill level 5 in Axes
  3054 | D:4      | Noticed macfelon's ghost (novice DECj)
  3064 | D:4      | Found a runed translucent door.
  3124 | D:4      | Reached XP level 5. HP: 44/47 MP: 4/4
  3340 | D:4      | Noticed an ogre
  3346 | D:4      | Killed an ogre
  3347 | D:4      | Reached skill level 5 in Fighting
  3347 | D:4      | Reached skill level 1 in Stealth
  3813 | D:4      | Killed macfelon's ghost
  3814 | D:4      | Reached skill level 6 in Axes
  3814 | D:4      | Reached XP level 6. HP: 56/56 MP: 5/5
  3842 | D:5      | Entered Level 5 of the Dungeon
  3864 | D:5      | Noticed Blork the orc
  3872 | D:5      | Reached XP level 7. HP: 61/61 MP: 6/6
  3876 | D:5      | Reached skill level 7 in Axes
  3886 | D:5      | Killed Blork the orc
  3888 | D:5      | Reached *** piety under Trog
  3889 | D:5      | Reached skill level 5 in Armour
  4416 | D:5      | Reached skill level 8 in Axes
  4463 | D:5      | Reached XP level 8. HP: 70/70 MP: 7/7
  4580 | D:5      | Reached skill level 1 in Evocations
  4704 | D:5      | Found a shimmering altar of Xom.
  5081 | D:5      | Noticed a troll
  5089 | D:5      | Killed a troll
  5090 | D:5      | Reached skill level 9 in Axes
  5915 | D:6      | Reached XP level 9. HP: 55/78 MP: 8/8
  6065 | D:6      | Reached skill level 10 in Axes
  6092 | D:6      | Slain by an iguana

Illustrated notes

Levels and vault maps discovered:
D:1:      dpeg_arrival_pits, layout_basic, basic_ecumenical_altar,
          chequers_serial_rivers_room_b
D:2:      layout_loops_ring
D:3:      layout_rooms, grunt_temple_overflow_forces_of_nature, chequers_avenue
D:4:      layout_loops_ring, hellmonk_ghost_happy_afterlife
D:5:      layout_loops_ring, lemuel_doored_altar, uniq_blork_the_orc
D:6:      layout_layer_cave, minmay_between

Skill      XL: |  1  2  3  4  5  6  7  8  9 |
---------------+----------------------------+-----
Fighting       | 4 5 6 |  6.9
Axes           | 4 5 6 8 9 10 | 10.2
Dodging        | 3 4 |  4.8
Armour         | 3 4 5 6 |  6.8
Stealth        | 1 |  1.5
Evocations     | 2 |  2.5

Action                   |  1- 3 |  4- 6 |  7- 9 || total
-------------------------+-------+-------+-------++-------
Melee: Hand axe          |    74 |    80 |    19 ||   173
       Headbutt          |     6 |    10 |    29 ||    45
       Punch             |       |     1 |     3 ||     4
       War axe           |       |       |   119 ||   119
Invok: Berserk           |       |     3 |     3 ||     6
Armor: Animal skin       |    19 |       |       ||    19
       Chain mail        |     4 |    34 |    82 ||   120
Dodge: Dodged            |    48 |    33 |    59 ||   140
